 Dungeon Crawl Stone Soup version 0.17.0-57-g0e89251 (webtiles) character file.

72 Rationalist the Covered (level 4, 0/37 HPs)
             Began as a Formicid Fighter on Dec 8, 2015.
             Slain by an adder (3 damage)
             ... on level 5 of the Dungeon.
             The game lasted 00:05:45 (1661 turns).

Rationalist the Covered (Formicid Fighter)          Turns: 1661, Time: 00:05:45

Health: 0/37       AC:  7    Str: 20      XL:     4   Next: 50%
Magic:  4/4        EV:  8    Int:  8      God:
Gold:   85         SH:  9    Dex:  8 (11) Spells: 0 memorised, 3 levels left

rFire  . . .     SeeInvis +     a - +0 war axe
rCold  . . .     Clarity  .     b - +0 scale mail
rNeg   . . .     SustAt   .     c - +0 shield
rPois  .         Gourm    .     (helmet unavailable)
rElec  .         Spirit   .     (no cloak)
rCorr  .         Warding  .     (no gloves)
rMut   .         Stasis   +     (no boots)
MR     .....                    (no amulet)
Stlth  ..........               (no ring)
                                (no ring)

@: not resistant to hostile enchantments, extremely unstealthy
A: permanent stasis, dig shafts and tunnels, four strong arms, antennae 3
a: Dig, Shaft Self


You were on level 5 of the Dungeon.
You were hungry.

You visited 1 branch of the dungeon, and saw 4 of its levels.

You collected 85 gold pieces.

Inventory:

Hand Weapons
 a - a +0 war axe (weapon)
Armour
 b - a +0 scale mail (worn)
 c - a +0 shield (worn)
Jewellery
 h - a cursed ring of teleportation {unknown}
Wands
 l - a wand of random effects (11)
Scrolls
 g - a scroll of recharging {unknown}
 i - 2 scrolls of blinking {unknown}
 k - a scroll of fog {unknown}
 m - a scroll of teleportation {unknown}
 q - a scroll of magic mapping {unknown}
Potions
 d - a potion of might
 p - a potion of degeneration
Comestibles
 e - a bread ration
 f - a chunk of flesh
 n - a slice of pizza
 o - a meat ration


   Skills:
 + Level 4.0 Fighting
 + Level 2.6 Axes
 + Level 4.1 Armour
 + Level 0.6 Dodging
 + Level 4.0 Shields


You had 3 spell levels left.
You didn't know any spells.

Dungeon Overview and Level Annotations

Branches:
Dungeon (5/15)             Temple (0/1) D:5

Altars:
Ashenzari
Dithmenos
Fedhas
Kikubaaqudgha
Trog
Yredelemnul

Annotations:
D:3 Grinder


Innate Abilities, Weirdness & Mutations

You are under a permanent stasis effect.
You can dig through walls and to a lower floor.
Your four strong arms can wield two-handed weapons with a shield.
You have a pair of large antennae on your head (SInv).


Message History

You feel magically purged.
You feel a little less mighty now. Grinder gestures at you.
Your stasis keeps you stable.
Are you sure you want to shaft yourself?
You feel quite a bit more hungry. Grinder hits you but does no damage.
Grinder barely misses you.
You begin to dig a shaft.
You continue digging a shaft.
Grinder hits you but does no damage. A shaft appears beneath you!
You fall through a shaft for 2 floors!
The shaft crumbles and collapses.
An adder and a skeleton come into view.
Found 15 gold pieces, a pair of boots and 24 stones.
Found a staircase to the Ecumenical Temple.
You block the adder's attack.
You hit the adder.
The adder is heavily wounded.
The adder bites you.
You die...

## ## .. ... #.
... #. .. .
##.#####.#....
#.....@S....#
#.#.#.#Z#.#...
#.............#
#..#....$[.#.##
#...............
#...#...>...#...
#..............#
#(#.#.......#.##


You could see an adder and a hound skeleton.

Vanquished Creatures
  Jessica (D:2)
  An adder (D:2)
  9 goblins
  7 hobgoblins
  2 jackals (D:2)
  5 kobolds
  3 bats
  3 giant newts
  5 rats
36 creatures vanquished.

Notes
Turn   | Place    | Note
--------------------------------------------------------------
     0 | D:1      | Rationalist the Formicid Fighter began the quest for the Orb.
     0 | D:1      | Reached XP level 1. HP: 18/18 MP: 1/1
   173 | D:1      | Reached XP level 2. HP: 22/24 MP: 2/2
   749 | D:2      | Found a blossoming altar of Fedhas.
   753 | D:2      | Found an ancient bone altar of Kikubaaqudgha.
   762 | D:2      | Noticed Jessica
   767 | D:2      | Killed Jessica
   767 | D:2      | Reached skill level 4 in Armour
   767 | D:2      | Reached XP level 3. HP: 24/30 MP: 3/3
   830 | D:2      | Found a shattered altar of Ashenzari.
   897 | D:2      | Reached XP level 4. HP: 30/37 MP: 4/4
  1134 | D:2      | Found a bloodstained altar of Trog.
  1323 | D:2      | Found a shadowy altar of Dithmenos.
  1324 | D:2      | Found a basalt altar of Yredelemnul.
  1642 | D:3      | Noticed Grinder
  1657 | D:3      | You fall through a shaft for 2 floors!
  1657 | D:5      | Entered Level 5 of the Dungeon
  1657 | D:5      | Found a staircase to the Ecumenical Temple.
  1661 | D:5      | Slain by an adder

Action                   |  1- 3 |  4- 6 || total
-------------------------+-------+-------++-------
Melee: War axe           |    68 |    39 ||   107
 Abil: Dig               |     1 |       ||     1
       Shaft Self        |       |     1 ||     1
  Use: Potion            |       |     3 ||     3
  Eat: Chunk             |       |     2 ||     2
